 Dungeon Crawl Stone Soup version 0.25.1-2-g60ff931df9 (webtiles) character file.

Game seed: 11127468118105090731

22 Doot the Caller (level 2, 1/19 HPs)
             Began as a Merfolk Summoner on Nov 14, 2020.
             Quit the game on level 2 of the Dungeon.
             The game lasted 00:05:22 (1256 turns).

Doot the Caller (Merfolk Summoner)                  Turns: 1256, Time: 00:05:23

Health: 1/19       AC:  2    Str:  8    XL:     2   Next: 91%
Magic:  0/5        EV: 13    Int: 14    God:
Gold:   72         SH:  0    Dex: 14    Spells: 2/5 levels left

rFire    . . .     SeeInvis +   (no weapon)
rCold    . . .     Gourm    .   (no shield)
rNeg     . . .     Faith    +   a - +0 robe
rPois    .         Spirit   .   (no helmet)
rElec    .         Reflect  .   (no cloak)
rCorr    .         Harm     .   (no gloves)
MR       +....                  (no boots)
Stlth    ++........             g - amulet of faith
HPRegen  0.06/turn              d - ring of protection from magic
MPRegen  0.09/turn              f - ring of see invisible

@: lethally poisoned (1 -> -3)
A: change form in water, swift swim, stealthy swim
a: no special abilities


You were on level 2 of the Dungeon.
You were not hungry.

You visited 1 branch of the dungeon, and saw 3 of its levels.

You collected 72 gold pieces.

Inventory:

Armour
 a - a +0 robe (worn)
Jewellery
 d - a ring of protection from magic (left hand)
 e - an uncursed ring of fire
 f - a ring of see invisible (right hand)
 g - an amulet of faith (around neck)
Wands
 b - a wand of digging (3)
Comestibles
 c - a ration
 h - a chunk of flesh


   Skills:
 + Level 2.8 Dodging
 + Level 2.2 Stealth
 + Level 2.4 Spellcasting
 + Level 4.5 Summonings


You had 2 spell levels left.
You knew the following spells:

 Your Spells              Type           Power        Failure   Level  Hunger
a - Summon Small Mammal   Summ           ##..         3%          1    #......
b - Call Imp              Summ           ##......     5%          2    ###....

Your spell library contained the following spells:

 Spells                   Type           Power        Failure   Level  Hunger
 Call Canine Familiar     Summ           ##......     11%         3    ###....
 Summon Guardian Golem    Hex/Summ       #.......     26%         3    ###....
 Summon Ice Beast         Ice/Summ       #.......     65%         4    #####..
 Summon Lightning Spire   Summ/Air       #.......     65%         4    #####..


Dungeon Overview and Level Annotations

Branches:
Dungeon (3/15)

Altars:

Annotations:
D:2 Robin


Message History

* * * LOW HITPOINT WARNING * * *
You aren't carrying any potions.
Unknown command.
The adder misses you.
Your crimson imp blinks!
The adder closely misses you.
Casting: Call Imp (safe; 5% risk of failure)
Confirm with . or Enter, or press ? or * to list all spells.
A beastly little devil appears in a puff of flame.
The adder closely misses you.
Unknown command.
The adder bites you.
* * * LOW HITPOINT WARNING * * *
You are lethally poisoned!
The adder poisons you!
You aren't carrying any potions.
* * * LOW HITPOINT WARNING * * *
You feel sick. The adder bites you but does no damage.
Are you sure you want to abandon this character and quit the game? (Confirm with "yes".)

### ### ..# ##.##
#[######...##
............#######
..............5S@.#
#.#######.#######.#
#.# #.# #.# #.#
##.#######.# #.#
#..##.(....# #.#
#.###5###### #.##
##.##...## ...#
##.#..###.##
#..###.##.## ##.##


You could see an adder and a friendly crimson imp (summoned).

Vanquished Creatures (collateral kills)
  An adder (D:2)
  2 dart slugs (D:2)
  A leopard gecko (D:1)
  A giant cockroach (D:1)
  4 goblins
  3 hobgoblins
  4 jackals (D:1)
  A bat (D:1)
  3 frilled lizards
  2 rats (D:2)
22 creatures vanquished.

Notes
Turn   | Place    | Note
-------+----------+-------------------------------------------
     0 | D:1      | Doot the Merfolk Summoner began the quest for the Orb.
     0 | D:1      | Reached XP level 1. HP: 13/13 MP: 3/3
   529 | D:1      | Reached XP level 2. HP: 19/19 MP: 3/5
   583 | D:1      | Learned a level 2 spell: Call Imp
  1013 | D:2      | Noticed Robin
  1256 | D:2      | Quit the game

Illustrated notes

Levels and vault maps discovered:
D:1:      dpeg_chamrin_arrival_tetris, layout_loops_ring, minmay_pentomino_v4
D:2:      layout_loops_ring, minmay_misc_feat_cross, uniq_crazy_yiuf_cottage,
          uniq_robin
D:3:      layout_loops_cross, minmay_fractal_squares_5

Action                   || total
-------------------------++-------
Melee: Unarmed           ||    12
 Cast: Summon Small Mamm ||    28
       Call Imp          ||    12
 Stab: Sleeping          ||     2
  Eat: Chunk             ||     2
Armor: Robe              ||     7
Dodge: Dodged            ||    41
